AoeStats
← EeeZee3

Northern Isles

512937086Analyzed
1v1 RM · 6d ago on Oct 11, 2026· 40m 33s· 2 players
Game mode
Random Map
Map size
Tiny (2 player)
Population
200
Speed
Normal
Resources
Standard
Victory
Conquest
Starting age
Dark Age
Ending age
Imperial Age
RankedLock teamsTeams togetherTeam positionsShared explorationLock speedFull tech treeHidden civsTurbo modeCheats
Victory
Defeat
🇨🇱 Chinese · Chile
689
+19
vs
🇨🇭 Saxons · Switzerland
757
-19
nitrozeus
10:42 Feudal Age
11:11 Double-Bit Axe
11:17 Fishing Lines
20:00 Gold Mining
19:59 Horse Collar
22:42 Castle Age
20:41 Man-at-Arms
23:42 Bow Saw
23:02 Pikeman
23:07 Crossbowman
24:21 Medium Warships
27:14 Heavy Plow
27:10 Gillnets
28:15 Careening
31:19 Gold Shaft Mining
30:35 Stone Mining
30:58 Thumb Ring
33:25 Stone Shaft Mining
32:23 Light Cavalry
33:34 Forging
37:05 Imperial Age
34:59 Ballistics
34:54 Scale Mail Armor
34:53 Elite Skirmisher
35:14 Long Swordsman
35:48 Fletching
38:48 Chemistry
38:27 Dry Dock
37:34 Two-Handed Swordsman
39:23 Heavy Warships
EeeZee3
0:26 Loom
10:15 Feudal Age
11:06 Double-Bit Axe
15:02 Fishing Lines
15:40 Fletching
16:07 Town Watch
17:35 Gold Mining
19:20 Wheelbarrow
19:25 Stone Mining
24:06 Castle Age
23:27 Forging
23:18 Scale Mail Armor
23:07 Arson
26:02 Bodkin Arrow
26:37 Bow Saw
26:15 Horse Collar
27:09 Heavy Plow
30:19 Imperial Age
27:35 Treadmill Crane
28:07 Careening
29:36 Medium Warships
29:33 Heated Shot
29:39 Murder Holes
30:05 Ballistics
30:32 Gold Shaft Mining
31:28 Dry Dock
32:07 Heavy Warships
34:25 Two-Man Saw
34:30 Chemistry
35:30 Bracer
37:31 Siege Engineers
37:48 Gillnets
39:43 Hoardings
39:29 Conscription
39:53 Squires
39:38 Gambesons
39:59 Elite Longship
Connection lost

Rejoining the realm…

Still unreachable

The connection could not be restored.

Session expired

The server has moved on; the page needs a fresh start.